 Dungeon Crawl Stone Soup version 0.28-a0-691-gad6df49e81 (webtiles) character file.

Game seed: 12821412102112637967

298 Irenicus the Geomancer (level 6, -5/45 (49) HPs)
             Began as a Deep Dwarf Earth Elementalist on Oct 20, 2021.
             Slain by a wight (12 damage)
             ... on level 4 of the Dungeon.
             The game lasted 00:09:57 (1227 turns).

Irenicus the Geomancer (DDEE)                       Turns: 1227, Time: 00:09:57

HP:   -5/45 (49)    AC: 11    Str: 11    XL:     6   Next: 13%
MP:   5/8           EV: 10    Int: 22    God:
Gold: 71            SH:  0    Dex: 13    Spells: 2/8 levels left

rFire   . . .      SeeInvis .   s - +1 dagger (venom)
rCold   . . .      Faith    .   (no shield)
rNeg    . . .      Spirit   .   g - +5 ring mail of the Eagle {Int+4}
rPois   .          Reflect  .   (no helmet)
rElec   .          Harm     .   (no cloak)
rCorr   .          Rampage  .   n - +0 pair of gloves
Will    .....                   (no boots)
Stlth   +.........              (no amulet)
HPRegen 0.00/turn               (no ring)
MPRegen 0.11/turn               (no ring)

@: very slightly contaminated, drained
A: damage resistance, heal wounds, sense surroundings 1, no regeneration
a: Heal Wounds


You were on level 4 of the Dungeon.
You visited 1 branch of the dungeon, and saw 4 of its levels.
You also visited: Sewer.

You collected 71 gold pieces.


Innate Abilities, Weirdness & Mutations

You are resistant to damage.
You can heal yourself by infusing magical energy.
You passively map a small area around you.
You do not regenerate.


   Skills:
 + Level 1.7 Armour
 - Level 2.1 Dodging
 - Level 2.4 Stealth
 - Level 1.7 Spellcasting
 + Level 1.4 Conjurations
 - Level 0.8 Transmutations
 - Level 8.4 Earth Magic


You had 2 spell levels left.
You knew the following spells:

 Your Spells              Type           Power      Damage    Failure   Level
t - Stone Arrow           Conj/Erth      46%        3d9       13%         3
w - Passwall              Tmut/Erth      18%        N/A       8%          2
z - Sandblast             Erth           76%        2d16      1%          1

Your spell library contained the following spells:

 Spells                   Type           Power      Damage    Failure   Level
 Petrify                  Tmut/Erth      22%        N/A       45%         4

Inventory:

Hand Weapons
 s - a +1 dagger of venom (weapon)
Missiles
 a - a curare-tipped dart {=f}
Armour
 b - a +0 robe
 d - a +0 buckler of positive energy
 g - the +5 ring mail of the Eagle (worn) {Int+4}
   (You found it in a sewer)

   Int:       It affects your intelligence (+4).
 n - a +0 pair of gloves (worn)
Magical Staves
 e - a staff of poison {!a}
Scrolls
 f - 2 scrolls of teleportation {unknown}
 h - 2 scrolls of fog {unknown}
 i - 2 scrolls of identify {@r1}
 j - a scroll of enchant weapon {unknown}
 k - a scroll of fear {unknown}
 p - a scroll of enchant armour {unknown}
 r - 3 scrolls of vulnerability {unknown}
Potions
 l - 2 potions of mutation
 m - a potion of magic
 o - a potion of heal wounds {unknown}
 q - 2 potions of haste {unknown}

Dungeon Overview and Level Annotations

Branches:
Dungeon (4/15)              Sewer (visited)
 Temple: D:4-7

Altars:
Xom

*###### *#......
#....... , #.......
, #######....... ,
#..gzz@....# ,,
##g####....# , #.#
#....###,# #.#
#.>..+.#.#* *
##g####?...#.#.#
#.....g........#
##########...#######
*
#########...#......
,
#..†.g.#...g.......


You could see 2 wights, a gnoll and a goblin.


Message History

Aim: a wight, wielding a +5 long sword of freezing and wearing a +0 robe (almost destroyed, 71% to hit)
You miscast Stone Arrow.
You are very lightly contaminated with residual magic.
Nothing appears to happen.
The wight hits you with a +5 long sword of freezing!
* * * LOW HITPOINT WARNING * * *
The wight freezes you.
You hit the wight but do no damage.
The wight is severely damaged.
The wight hits you with a +5 long sword of freezing.
The wight freezes you.
You open the door.
The wight hits you with a +5 long sword of freezing.
The wight freezes you.
It was a potion of magic.
Magic courses through your body.
The wight hits you with a +5 long sword of freezing.
* * * LOW HITPOINT WARNING * * *
You feel drained. The wight freezes you.
Your magical contamination has completely faded away.
There is an open door here.
Casting: Stone Arrow (dangerous; 13% risk of failure)
Confirm with . or Enter, or press ? or * to list all spells.
Aiming: Stone Arrow (dangerous; 13% risk of failure)
Press: ? - help, Shift-Dir - straight line, f/p - wight
Aim: a wight, wielding a +5 long sword of freezing and wearing a +0 robe (severely damaged, 71% to hit)
You miscast Stone Arrow.
You are very lightly contaminated with residual magic.
Nothing appears to happen.
The wight hits you with a +5 long sword of freezing!
You die...

Skill      XL: |  1  2  3  4  5 |
---------------+----------------+-----
Earth Magic    | 5 6 7 8 |  8.4
Armour         | 1 |  1.7
Conjurations   | 1 |  1.4
Dodging        | |  2.1
Stealth        | |  2.4
Spellcasting   | |  1.7
Transmutations | |  0.8

Action                   |  1- 3 |  4- 6 || total
-------------------------+-------+-------++-------
Melee: Dagger            |     7 |   143 ||   150
       Staff             |    12 |       ||    12
       Unarmed           |     7 |     8 ||    15
 Cast: Sandblast         |    28 |    29 ||    57
       Stone Arrow       |       |     9 ||     9
       Passwall          |       |     1 ||     1
 Abil: Heal Wounds       |       |     2 ||     2
  Use: Potion            |     2 |     2 ||     4
       Scroll            |       |     2 ||     2
 Stab: Sleeping          |     1 |     1 ||     2
Armor: Robe              |     4 |    14 ||    18
       Skin              |     4 |     1 ||     5
       Ring mail         |       |    41 ||    41
Dodge: Dodged            |    35 |   127 ||   162

Levels and vault maps discovered:
D:1:      scummos_arrival_star, layout_basic,
          shapermc_ecumenical_altar_starsandcircs
D:2:      layout_basic, serial_shops, nicolae_shop_stone, basic_altar,
          kennysheep_generic_room_4
D:3:      layout_rooms, nicolae_overflow_hidden_temple, portal_sewer_entry_a,
          minmay_fountain_box
D:4:      layout_basic, eat_drink_and_be_merry_uskayaw

Notes
Turn   | Place    | Note
-------+----------+-------------------------------------------
     0 | D:1      | Irenicus the Deep Dwarf Earth Elementalist began the quest
                  | for the Orb.
     0 | D:1      | Reached XP level 1. HP: 15/15 MP: 3/3
   130 | D:2      | Reached XP level 2. HP: 19/22 MP: 0/4
   170 | D:2      | Reached skill level 5 in Earth Magic
   282 | D:3      | Found a shimmering altar of Xom.
   298 | D:3      | Reached XP level 3. HP: 19/28 MP: 1/5
   339 | D:3      | Reached skill level 6 in Earth Magic
   353 | D:3      | Found a glowing drain.
   367 | D:3      | Identified a potion of resistance
   379 | D:3      | Reached XP level 4. HP: 15/36 MP: 1/6
   449 | Sewer    | Entered a sewer
   504 | Sewer    | Noticed a kobold brigand
   515 | Sewer    | Killed a kobold brigand
   516 | Sewer    | Reached skill level 7 in Earth Magic
   516 | Sewer    | Reached XP level 5. HP: 30/42 MP: 2/7
   557 | Sewer    | Reached skill level 8 in Earth Magic
   652 | Sewer    | Learned a level 2 spell: Passwall
   656 | Sewer    | Learned a level 3 spell: Stone Arrow
   672 | Sewer    | HP: 4/42 [kobold (3)]
   689 | Sewer    | Identified the +5 ring mail of the Eagle {Int+4}
  1022 | D:3      | Reached skill level 1 in Armour
  1120 | D:4      | Reached skill level 1 in Conjurations
  1130 | D:4      | Reached XP level 6. HP: 25/49 MP: 0/8
  1227 | D:4      | Slain by a wight

Vanquished Creatures
  A kobold brigand (Sewer)
  A wight (D:4)
  4 gnolls (D:3)
  3 adders
  5 river rats
  8 orcs (D:3)
  A bat (D:3)
  4 endoplasms
  3 giant cockroaches
  2 goblins (D:2)
  3 hobgoblins
  16 kobolds
  2 quokkas (D:3)
  5 ball pythons
  2 frilled lizards
  25 rats
85 creatures vanquished.

Table legend: (Time is in decaauts)
 A = Elapsed time spent in this place.
 B = Non-inter-level travel time spent in this place.
 C = Inter-level travel time spent in this place.
 D = Time resting spent in this place.
 E = Time spent auto-exploring this place.
 F = Levels seen in this place.
 G = Mean time per level.
                   A        B        C        D        E       F      G
               +--------+--------+--------+--------+--------+-----+--------+
         Total |   1233 |   1233 |      0 |     47 |      0 |   5 |  246.6 |
       Dungeon |    732 |    732 |      0 |     47 |      0 |   4 |  183.0 |
         Sewer |    500 |    500 |      0 |      0 |      0 |   1 |  500.0 |
               +--------+--------+--------+--------+--------+-----+--------+

Top non-repeatable levels by time:
   Sewer: 500 daAuts
     D:3: 416 daAuts
     D:4: 138 daAuts
     D:2: 91 daAuts
     D:1: 85 daAuts

Table legend:
 A = Non-vault XP
 B = Vault XP
 C = Vault XP percentage of total XP
 D = Non-vault monster count
 E = Vault monster count
 F = Vault count percentage of total count
                 A         B        C        D         E       F
            +---------+---------+-------+---------+---------+-------
      Total |     186 |     240 |  56.3 |      33 |      52 |  61.2
            +---------+---------+-------+---------+---------+-------
        D:1 |       7 |       0 |   0.0 |       5 |       0 |   0.0
        D:2 |      11 |       0 |   0.0 |       6 |       0 |   0.0
        D:3 |      94 |      28 |  23.0 |      19 |       4 |  17.4
        D:4 |      74 |       0 |   0.0 |       3 |       0 |   0.0
      Sewer |       0 |     212 | 100.0 |       0 |      48 | 100.0
            +---------+---------+-------+---------+---------+-------
